 Dungeon Crawl Stone Soup version 0.31-a0-229-g1fc7ce93e2 (webtiles) character file.

Game seed: 13041617169187636776

199 qw the Shooter (level 5, -8/45 HPs)
             Began as a Minotaur Hexslinger on July 6, 2023.
             Mangled by Edmund
             ... wielding a +4 dire flail of holy wrath
              (14 damage)
             ... on level 4 of the Dungeon.
             The game lasted 00:01:11 (2939 turns).

qw the Shooter (Minotaur Hexslinger)                Turns: 2939, Time: 00:01:12

Health: -8/45      AC:  6    Str: 12    XL:     5   Next: 48%
Magic:  5/5        EV: 11    Int: 10    God:
Gold:   168        SH:  0    Dex: 15    Spells: 5/6 levels left

rFire   . . .        Y - +3 sling
rCold   . . .        (no shield)
rNeg    . . .        g - +0 ring mail
rPois   .            (helmet restricted)
rElec   .            (no cloak)
rCorr   +            (no gloves)
SInv    .            j - +0 pair of boots
Will    .....        (no amulet)
Stlth   +            d - ring of resist corrosion
HPRegen 0.27/turn    (no ring)
MPRegen 0.09/turn

%: no passive effects
@: about to teleport
A: horns 2, retaliatory headbutt
a: no special abilities


You were on level 4 of the Dungeon.
You visited 1 branch of the dungeon, and saw 4 of its levels.

You collected 168 gold pieces.


Innate Abilities, Weirdness & Mutations

You have a pair of horns on your head.
You reflexively headbutt those who attack you in melee.


   Skills:
 - Level 3.1 Fighting
 + Level 5.4 Ranged Weapons
 - Level 1.8 Armour
 - Level 2.1 Dodging
 - Level 1.0 Spellcasting
 - Level 2.0 Hexes


You had 5 spell levels left.
You knew the following spells:

 Your Spells              Type           Power      Damage    Failure   Level
a - Slow                  Hex            16%        N/A       32%         1

Your spell library contained the following spells:

 Spells                   Type           Power      Damage    Failure   Level
 Inner Flame              Hex/Fire       2%         N/A       83%         3
 Portal Projectile        Hex/Tloc       4%         N/A       83%         3
 Cause Fear               Hex            2%         N/A       97%         4

Inventory:

Hand Weapons
 Y - a +3 sling (weapon)
Armour
 g - a +0 ring mail (worn)
 j - a +0 pair of boots (worn)
Jewellery
 d - a ring of resist corrosion (left hand)
 f - the ring "Xummihu" {rC- rN+ rCorr Str-5 Int+6}
   (You found it on level 4 of the Dungeon)

   [ring of positive energy]

   Str:       It affects your strength (-5).
   Int:       It affects your intelligence (+6).
   rC:        It makes you vulnerable to cold.
   rN:        It protects you from negative energy.
   rCorr:     It protects you from acid and corrosion.
Scrolls
 a - a scroll of identify
 c - a scroll of teleportation
Potions
 b - a potion of enlightenment
 e - a potion of heal wounds
 h - a potion of curing
 i - 2 potions of attraction {unknown}
 k - 2 potions of might
 l - a potion of mutation {unknown}

Dungeon Overview and Level Annotations

Branches:
Dungeon (4/15)
 Temple: D:4-7

Altars:
Hepliaklqana
Kikubaaqudgha
The Shining One

Annotations:
D:4 Edmund


Message History

Edmund barely misses you. You furiously retaliate!
You headbutt Edmund. You shoot a sling bullet.
The sling bullet barely misses Edmund.
Edmund completely misses you.
Edmund hits you with a +4 dire flail of holy wrath!
You shoot a sling bullet. The sling bullet barely misses Edmund.
A hobgoblin comes into view.
Edmund closely misses you.
You shoot a sling bullet.
The sling bullet hits Edmund but does no damage.
Edmund is heavily wounded.
Edmund completely misses you. You furiously retaliate!
You headbutt Edmund. You shoot a sling bullet.
The sling bullet hits Edmund but does no damage.
Edmund is heavily wounded.
Edmund hits you with a +4 dire flail of holy wrath!
You shoot a sling bullet. The sling bullet barely misses Edmund.
Edmund barely misses you. You furiously retaliate!
You headbutt Edmund. Edmund closely misses you.
You shoot a sling bullet. The sling bullet closely misses Edmund.
Edmund hits you with a +4 dire flail of holy wrath.
You shoot a sling bullet.
The sling bullet hits Edmund but does no damage.
Edmund is heavily wounded.
Edmund barely misses you.
You shoot a sling bullet.
The sling bullet hits Edmund but does no damage.
Edmund is heavily wounded.
Edmund closely misses you. You furiously retaliate!
You headbutt Edmund! You shoot a sling bullet.
The sling bullet completely misses Edmund.
The hobgoblin misses you.
Edmund hits you with a +4 dire flail of holy wrath!
Edmund hits you with a +4 dire flail of holy wrath.
The hobgoblin hits you but does no damage.
2939 ||| READING 2 scrolls of teleportation.
As you read the scroll of teleportation, it crumbles to dust.
You feel strangely unstable. The hobgoblin closely misses you.
Edmund hits you with a +4 dire flail of holy wrath!
You die...

########## #........#
#...[....#
.#####....[..<##### #
......>...........###...
........................
..............##@@......
####......>)....g.......
###..:...............
.###.........###.......
............### ?#.....
#.#.........# .##....
###......%#####.###....
#..............##.... #
#######...##.....#...


You could see Edmund and a hobgoblin.

Vanquished Creatures
  An orc priest (D:4)
  7 adders
  A worm (D:2)
  3 dart slugs
  7 orcs
  2 bat zombies (D:3)
  4 endoplasms
  4 giant cockroaches
  8 goblins
  10 hobgoblins
  A jackal (D:2)
  12 kobolds
  3 quokkas
  8 ball pythons
  7 bats
  3 frilled lizards (D:1)
  9 rats
90 creatures vanquished.

Notes
Turn   | Place    | Note
-------+----------+-------------------------------------------
     0 | D:1      | qw the Minotaur Hexslinger began the quest for the Orb.
     0 | D:1      | Reached XP level 1. HP: 16/16 MP: 1/1
     0 | D:1      | 0 ||| qw: Version: 0.3-a-46-gb1f654a
     0 | D:1      | 0 ||| qw: Game counter: 1219
     0 | D:1      | 0 ||| qw: Melee chars always use a shield: true
     0 | D:1      | 0 ||| qw: God list: Okawaru
     0 | D:1      | 0 ||| qw: Allow faded altars: false
     0 | D:1      | 0 ||| qw: Do Orc after clearing Dungeon:15 true
     0 | D:1      | 0 ||| qw: Do second Lair branch before Depths: true
     0 | D:1      | 0 ||| qw: Lair rune preference: random
     0 | D:1      | 0 ||| qw: Goals: Normal
     0 | D:1      | 0 ||| PLANNING D:1-11
    80 | D:1      | Reached skill level 3 in Ranged Weapons
    80 | D:1      | Reached XP level 2. HP: 21/23 MP: 2/2
   424 | D:1      | 424 ||| Stepping ~*~*~tactically~*~*~ (outnumbered).
   426 | D:1      | 426 ||| Stepping ~*~*~tactically~*~*~ (outnumbered).
   439 | D:1      | Reached XP level 3. HP: 28/29 MP: 3/3
   762 | D:1      | 762 ||| UPGRADING to +0 pair of boots.
   767 | D:1      | 767 ||| UPGRADING to ring of resist corrosion.
   768 | D:1      | 768 ||| READING scroll labelled BADUGE JESU.
   769 | D:1      | 769 ||| READING scroll labelled PAENOSTOYN.
   770 | D:1      | 770 ||| READING scroll labelled VUDEPI VIR ASI.
   771 | D:1      | 771 ||| DROPPING scroll of poison.
   925 | D:2      | Reached skill level 4 in Ranged Weapons
  1246 | D:2      | Reached XP level 4. HP: 36/36 MP: 4/4
  1480 | D:2      | Reached skill level 5 in Ranged Weapons
  2028 | D:2      | 2028 ||| READING scroll labelled BUESUL GUCSUERPH.
  2129 | D:2      | 2129 ||| READING scroll labelled CATUMI CIGOZ XOURR.
  2130 | D:2      | 2130 ||| READING scroll labelled QAOM ITWOCE.
  2131 | D:2      | 2131 ||| DRINKING 2 blue potions.
  2180 | D:3      | Identified the +8 dagger "Syad Xah" {freeze, rF+ Will+}
  2194 | D:3      | 2194 ||| READING scroll of enchant weapon.
  2194 | D:3      | 2194 ||| ENCHANTING +2 sling.
  2365 | D:3      | Found a glowing golden altar of the Shining One.
  2446 | D:3      | Reached skill level 3 in Fighting
  2446 | D:3      | Found a hazy altar of Hepliaklqana.
  2526 | D:3      | Reached XP level 5. HP: 45/45 MP: 5/5
  2730 | D:3      | Found an ancient bone altar of Kikubaaqudgha.
  2732 | D:3      | 2732 ||| UPGRADING to +0 leather armour.
  2742 | D:3      | 2742 ||| DROPPING +0 robe.
  2743 | D:3      | 2743 ||| UPGRADING to +0 ring mail.
  2753 | D:3      | 2753 ||| DROPPING +0 leather armour.
  2754 | D:3      | 2754 ||| READING scroll labelled GUOC HAOLEDDU.
  2758 | D:3      | 2758 ||| DRINKING 2 coppery potions.
  2759 | D:3      | 2759 ||| DRINKING 2 purple potions.
  2760 | D:3      | 2760 ||| READING 3 scrolls of identify.
  2760 | D:3      | 2760 ||| IDENTIFYING dark potion
  2761 | D:3      | 2761 ||| READING 2 scrolls of identify.
  2761 | D:3      | 2761 ||| IDENTIFYING black potion
  2762 | D:3      | 2762 ||| DROPPING potion of brilliance.
  2816 | D:4      | Reached skill level 1 in Armour
  2867 | D:4      | Identified the ring "Xummihu" {rC- rN+ rCorr Str-5 Int+6}
  2924 | D:4      | Noticed Edmund
  2938 | D:4      | HP: 10/45 [Edmund/+4 dire flail of holy wrath (11)]
  2939 | D:4      | 2939 ||| READING 2 scrolls of teleportation.
  2939 | D:4      | Mangled by Edmund

Levels and vault maps discovered:
D:1:      tarquinn_simple_flora_water_c, layout_loops_ring, serial_forest,
          infiniplex_forest_lined_2, infiniplex_forest_straight_4,
          infiniplex_forest_straight_2, infiniplex_forest_lined_2,
          infiniplex_forest_clump_small, lexackson_kobold_supper
D:2:      minmay_skewed_foursquare, layout_basic
D:3:      layout_basic, lemuel_zombie_altar_kikubaaqudgha,
          nzn_hepliaklqana_mist_gate, nicolae_tso_swordbearing_angel
D:4:      layout_rooms, uniq_edmund

Skill      XL: |  1  2  3  4  5 |
---------------+----------------+-----
Ranged Weapons | 3 4 5 |  5.4
Fighting       | 2 3 |  3.1
Armour         | 1 |  1.8
Dodging        | |  2.1
Spellcasting   | |  1.0
Hexes          | |  2.0

Action                     |  1- 3 |  4- 6 || total
---------------------------+-------+-------++-------
   Fire: Sling             |   125 |   145 ||   270
    Use: Scroll            |     3 |     8 ||    11
         Potion            |       |     3 ||     3
 Armour: Robe              |     5 |    11 ||    16
         Ring mail         |       |     3 ||     3
  Dodge: Dodged            |    41 |    39 ||    80

Table legend:
 A = Non-vault XP
 B = Vault XP
 C = Vault XP percentage of total XP
 D = Non-vault monster count
 E = Vault monster count
 F = Vault count percentage of total count
                 A         B        C        D         E       F
            +---------+---------+-------+---------+---------+-------
      Total |     244 |      41 |  14.4 |      71 |      19 |  21.1
            +---------+---------+-------+---------+---------+-------
        D:1 |      41 |      11 |  21.2 |      22 |       8 |  26.7
        D:2 |      68 |      26 |  27.7 |      20 |       9 |  31.0
        D:3 |      60 |       4 |   6.2 |      19 |       2 |   9.5
        D:4 |      75 |       0 |   0.0 |      10 |       0 |   0.0
            +---------+---------+-------+---------+---------+-------
